 Dungeon Crawl Stone Soup version 0.24.0 (webtiles) character file.

Game seed: 14268971238900026116, levelgen mode: deterministic

33 Scootsishere the Grasshopper (level 3, 0/30 HPs)
             Began as a Draconian Warper on Mar 13, 2020.
             Killed from afar by Natasha (10 damage)
             ... with a magic dart
             ... on level 2 of the Dungeon.
             The game lasted 00:07:25 (661 turns).

Scootsishere the Grasshopper (Draconian Warper)      Turns: 661, Time: 00:07:26

Health: 0/30       AC:  5    Str: 13    XL:     3   Next: 12%
Magic:  3/7        EV: 12    Int: 13    God:
Gold:   67         SH:  0    Dex: 11    Spells: 3/7 levels left

rFire    . . .     SeeInvis .   k - +1 dagger (speed)
rCold    . . .     Gourm    .   (no shield)
rNeg     . . .     Faith    .   (armour unavailable)
rPois    .         Spirit   .   (helmet restricted)
rElec    .         Reflect  .   (no cloak)
rCorr    .         Harm     .   (no gloves)
MR       .....                  (no boots)
Stlth    +.........             (no amulet)
HPRegen  0.10/turn              (no ring)
MPRegen  0.10/turn              (no ring)

@: shrouded
A: unfitting armour, cold-blooded, AC +5
a: no special abilities


You were on level 2 of the Dungeon.
You were not hungry.

You visited 1 branch of the dungeon, and saw 2 of its levels.

You collected 67 gold pieces.

Inventory:

Hand Weapons
 k - a +1 dagger of speed (weapon)
Missiles
 d - 2 boomerangs of dispersal (quivered)
Scrolls
 c - a scroll of blinking
 e - 3 scrolls of identify
 g - 4 scrolls of amnesia
Potions
 b - a potion of haste {unknown}
Comestibles
 f - 2 rations
 h - 5 chunks of flesh


   Skills:
 + Level 2.7 Fighting
   Level 2.2 Polearms
 + Level 1.0 Throwing
 + Level 2.3 Dodging
 + Level 2.6 Spellcasting
 + Level 3.1 Translocations


You had 3 spell levels left.
You knew the following spells:

 Your Spells              Type           Power        Failure   Level  Hunger
a - Blink                 Tloc           N/A          10%         2    ###....
b - Shroud of Golubria    Chrm/Tloc      #.....       19%         2    ###....

Your spell library contained the following spells:

 Spells                   Type           Power        Failure   Level  Hunger
 Gell's Gravitas          Tloc           #.........   21%         3    ###....
 Lesser Beckoning         Tloc           #.........   21%         3    ###....
 Teleport Other           Tloc           #.......     21%         3    ###....
 Passage of Golubria      Tloc           N/A          54%         4    #####..


Dungeon Overview and Level Annotations

Branches:
Dungeon (1/15)

Altars:

Annotations:
D:2 Natasha


Innate Abilities, Weirdness & Mutations

Your plain brown scales are hard. (AC +5)
You cannot fit into any form of body armour.
You are cold-blooded and may be slowed by cold attacks.


Message History

Your shroud bends Natasha's attack away.
The shadow imp hits you but does no damage.
You closely miss Natasha. You tail-slap Natasha.
Natasha is lightly wounded.
You hit Natasha but do no damage.
Natasha is lightly wounded.
Natasha claws you.
* * * LOW HITPOINT WARNING * * *
The shadow imp hits you but does no damage.
Sorry, you're not good enough to have a special ability.
Casting: Shroud of Golubria (safe; 19% risk of failure)
Confirm with . or Enter, or press ? or * to list all spells.
You blink.
A kobold comes into view. It is wielding a +0 club.
The kobold shouts!
A hobgoblin comes into view.
The kobold throws a stone.
The stone closely misses you.
Natasha stares at you and mumbles some strange words.
The magic dart hits you!
You die...

#.#######. ... ..
.......... ... g.
#.#....... .... .#
#.#....... ..... .#
#.#.......
.....##.#.#####.#.......
............h5§.........
.......##...#.#.######..
#.@(...#.#.# #..
#........#.### #..
##.....###...# ##.
#.......+...#####.
#####..##...#.....
.........'..)..
##.K##.#.#..÷.#
.##>#)##.#.. #.#.##.#..


You could see Natasha, a shadow imp and a kobold.

Vanquished Creatures
  An adder (D:2)
  A dart slug (D:1)
  6 goblins
  A hobgoblin (D:1)
  3 jackals (D:1)
  3 kobolds
  3 bats (D:1)
  2 frilled lizards
  2 rats
22 creatures vanquished.

Notes
Turn   | Place    | Note
-------+----------+-------------------------------------------
     0 | D:1      | Scootsishere the Draconian Warper began the quest for the
                  | Orb.
     0 | D:1      | Reached XP level 1. HP: 17/17 MP: 3/3
   190 | D:1      | Reached XP level 2. HP: 15/25 MP: 5/5
   443 | D:1      | Learned a level 2 spell: Blink
   446 | D:1      | Learned a level 2 spell: Shroud of Golubria
   581 | D:1      | You fall into a shaft and drop 1 floor!
   607 | D:2      | Reached skill level 1 in Throwing
   630 | D:2      | Reached XP level 3. HP: 21/30 MP: 7/7
   647 | D:2      | Noticed Natasha
   661 | D:2      | Killed from afar by Natasha

Levels and vault maps discovered:
D:1:      saegor_arrival_simple_d, layout_loops_ring, minmay_tetromino_o4
D:2:      layout_basic, gammafunk_temple_overflow_elements,
          uniq_crazy_yiuf_cottage, uniq_natasha
